 Dungeon Crawl Stone Soup version 0.27.1-33-g824d729ab1 (webtiles) character file.

Game seed: 1802250660434695203

21 DearestLeader the Covered (level 2, 0/23 HPs)
             Began as a Gnoll Wanderer on Dec 2, 2021.
             Slain by a goblin (18 damage)
             ... on level 2 of the Dungeon on Dec 3, 2021.
             The game lasted 00:01:52 (1259 turns).

DearestLeader the Covered (Gnoll Wanderer)          Turns: 1259, Time: 00:01:55

Health: 0/23       AC:  2    Str: 12    XL:     2   Next: 87%
Magic:  5/5        EV: 11    Int: 12    God:
Gold:   39         SH:  0    Dex: 21    Spells: 5/6 levels left

rFire    . . .     SeeInvis .   a - +0 hand axe
rCold    . . .     Faith    .   (no shield)
rNeg     . . .     Spirit   .   d - +0 robe
rPois    .         Reflect  .   (no helmet)
rElec    .         Harm     .   (no cloak)
rCorr    .         Rampage  .   (no gloves)
Will     .....                  (no boots)
Stlth    ++........             (no amulet)
HPRegen  0.07/turn              h - +6 ring of dexterity
MPRegen  0.09/turn              k - +6 ring of dexterity

@: no status effects
A: fangs 1, strong nose, distributed training
a: no special abilities


You were on level 2 of the Dungeon.
You visited 1 branch of the dungeon, and saw 2 of its levels.

You collected 39 gold pieces.

Inventory:

Hand Weapons
 a - a +0 hand axe (weapon)
 b - a +0 hand crossbow
Missiles
 c - 26 bolts
Armour
 d - a +0 robe (worn)
Jewellery
 h - a +6 ring of dexterity (left hand)
 k - a +6 ring of dexterity (right hand)
Scrolls
 f - a scroll of blinking {unknown}
 g - a scroll of teleportation {unknown}
 i - a scroll of amnesia {unknown}
 j - a scroll of identify {unknown}
Potions
 e - a potion of lignification {unknown}
 l - a potion of mutation {unknown}


   Skills:
 + Level 2.5 Fighting
 + Level 0.5 Short Blades
 + Level 0.5 Long Blades
 + Level 0.5 Axes
 + Level 0.5 Maces & Flails
 + Level 0.5 Polearms
 + Level 0.5 Staves
 + Level 0.5 Slings
 + Level 0.5 Bows
 + Level 4.5 Crossbows
 + Level 2.5 Throwing
 + Level 4.5 Armour
 + Level 0.5 Dodging
 + Level 2.3 Stealth
 + Level 0.5 Shields
 + Level 0.5 Unarmed Combat
 + Level 2.7 Spellcasting
 + Level 0.4 Conjurations
 + Level 0.4 Hexes
 + Level 3.7 Summonings
 + Level 0.4 Necromancy
 + Level 0.4 Translocations
 + Level 0.4 Transmutations
 + Level 0.4 Fire Magic
 + Level 0.4 Ice Magic
 + Level 0.4 Air Magic
 + Level 0.4 Earth Magic
 + Level 0.4 Poison Magic
 + Level 0.7 Invocations
 + Level 0.5 Evocations


You had 5 spell levels left.
You knew the following spells:

 Your Spells              Type           Power      Damage    Failure   Level
a - Summon Small Mammal   Summ           40%        N/A       5%          1

Your spell library contained the following spells:

 Spells                   Type           Power      Damage    Failure   Level
 Call Imp                 Summ           10%        N/A       9%          2
 Call Canine Familiar     Summ           10%        N/A       16%         3
 Foxfire                  Conj/Fire      8%         2x1d4     22%         1
 Summon Guardian Golem    Hex/Summ       6%         N/A       32%         3
 Conjure Flame            Conj/Fire      2%         6-21      54%         3
 Inner Flame              Hex/Fire       2%         N/A       54%         3
 Summon Lightning Spire   Summ/Air       6%         N/A       71%         4


Dungeon Overview and Level Annotations

Branches:
Dungeon (2/15)

Altars:


Innate Abilities, Weirdness & Mutations

You have very sharp teeth.
Your uncanny sense of smell can sniff out nearby items.
Your experience applies equally to all skills.


Message History

There is a stone staircase leading up here.
A kobold is nearby!
You hit the kobold but do no damage. The kobold closely misses you.
You hit the kobold.
You kill the kobold!
Saving game... please wait.
Welcome back, DearestLeader the Gnoll Wanderer.
Press ? for a list of commands and other information.
You now have 33 gold pieces (gained 5).
Things that are here:
2 stones; a +0 short sword; a kobold corpse You now have 39 gold pieces (gained 6).
l - a metallic ruby potion You enter the shallow water.
Moving in this stuff is going to be slow.
Found a book of Flames.
You pick up a book of Flames and begin reading...
You add the spells Foxfire, Conjure Flame and Inner Flame to your library.
Found a stone staircase leading down.
A giant cockroach comes into view.
Found 6 gold pieces.
Found a stone staircase leading down.
A giant cockroach is nearby!
A goblin comes into view.
It is wielding a +0 dagger of electrocution.
The goblin shouts!
The giant cockroach barely misses you.
The goblin hits you with a +0 dagger of electrocution.
The giant cockroach bites you but does no damage.
You see here 6 gold pieces.
You barely miss the giant cockroach.
You bite the giant cockroach, but do no damage.
You hit the goblin. The goblin hits you but does no damage.
The giant cockroach closely misses you.
You barely miss the goblin.
The goblin is heavily wounded.
You completely miss the giant cockroach.
The giant cockroach bites you but does no damage.
The goblin hits you with a +0 dagger of electrocution.
You are electrocuted!!
Ouch! That really hurt!
You die...

#.........#
#..(......#
#.........#######
#...................
######........##.###
#....###.##.........
#....# #.##..######.
#.B.g###........# ##
#..@.##...###...#
##....#...## #...###
#.........# ###...##
.....#.......#
###..#
###..#.......# ##..
#..#.......# ##. #.
##.###.># #.. .. #.#
#..# #.. #.# ..# #..


You could see a giant cockroach and a goblin.

Vanquished Creatures
  A dart slug (D:1)
  3 endoplasms (D:1)
  A giant cockroach (D:1)
  2 hobgoblins (D:1)
  A kobold (D:2)
  A quokka (D:1)
  2 bats (D:1)
  2 frilled lizards (D:1)
  A goblin (D:1)
  4 rats (D:1)
18 creatures vanquished.

Vanquished Creatures (collateral kills)
  A giant cockroach (D:1)
1 creature vanquished.

Grand Total: 19 creatures vanquished

Notes
Turn   | Place    | Note
-------+----------+-------------------------------------------
     0 | D:1      | DearestLeader the Gnoll Wanderer began the quest for the
                  | Orb.
     0 | D:1      | DearestLeader set off with the following items: a +0 hand
                  | axe, a +0 hand crossbow, 26 bolts, a +0 robe; and the
                  | following spell memorised: Summon Small Mammal; and the
                  | following spells available to memorise: Call Imp, Call
                  | Canine Familiar, Summon Guardian Golem, Summon Lightning
                  | Spire
     0 | D:1      | Reached XP level 1. HP: 17/17 MP: 4/4
    95 | D:1      | Found a faded altar of an unknown god.
   339 | D:1      | Reached XP level 2. HP: 9/23 MP: 3/5
  1259 | D:2      | Slain by a goblin

Illustrated notes

Levels and vault maps discovered:
D:1:      heliophobic_arrival_battle_scene, layout_loops_cross,
          ebering_ecumenical_altar_rust, chequers_serial_rivers_small_3
D:2:      layout_rooms, chequers_serial_rivers_small_3, solitary_fountain

Action                   || total
-------------------------++-------
Melee: Hand axe          ||    44
       Bite              ||     3
 Cast: Summon Small Mamm ||     7
 Stab: Sleeping          ||     4
Armor: Robe              ||     9
Dodge: Dodged            ||    33
